 Dungeon Crawl Stone Soup version 0.20-a0-1089-g3fde505 (webtiles) character file.

334 JeffiDaFish the Firebug (level 6, -1/47 HPs)
             Began as a Draconian Fire Elementalist on May 2, 2017.
             Was an Initiate of Sif Muna.
             Slain by 31503's ghost (13 damage)
             ... in an ossuary.
             The game lasted 00:11:49 (3063 turns).

JeffiDaFish the Firebug (DrFE)                      Turns: 3063, Time: 00:11:50

Health: -1/47      AC:  8    Str: 10    XL:     6   Next: 27%
Magic:  2/11       EV: 12    Int: 16    God:    Sif Muna [......]
Gold:   242        SH:  0    Dex: 13    Spells: 4/11 levels left

rFire    . . .     SeeInvis .   e - -2 spear (curse)
rCold    . . .     Gourm    .   (no shield)
rNeg     . . .     Faith    .   (armour unavailable)
rPois    .         Spirit   .   (helmet restricted)
rElec    .         Reflect  .   (no cloak)
rCorr    .         Harm     .   (no gloves)
MR       .....                  i - +1 pair of boots
Stlth    ++........             (no amulet)
Regen    0.2/turn               (no ring)
MPRegen  0.2/turn               (no ring)

@: drained
A: unfitting armour, cold-blooded, AC +6
a: Renounce Religion


You were in an ossuary.
You worshipped Sif Muna.
Sif Muna was noncommittal.
You were hungry.

You visited 1 branch of the dungeon, and saw 4 of its levels.
You also visited: Ossuary.

You collected 242 gold pieces.

Inventory:

Hand Weapons
 d - a +0 mace
 e - a cursed -2 spear (weapon)
 h - a +0 spear
Armour
 i - a +1 pair of boots (worn)
Magical Staves
 m - an uncursed staff of death
Wands
 k - a wand of digging (16/24)
Scrolls
 l - a scroll of identify
Potions
 c - 2 potions of might
 j - 3 potions of agility
Books
 a - a book of Flames

   Spells                             Type                      Level
   a - Flame Tongue                   Conjuration/Fire             1
   b - Throw Flame                    Conjuration/Fire             2
   c - Conjure Flame                  Conjuration/Fire             3
   d - Inner Flame                    Hexes/Fire                   3
   e - Sticky Flame                   Conjuration/Fire             4
   f - Fireball                       Conjuration/Fire             5
Comestibles
 b - 2 bread rations
 f - 3 royal jellies
 g - 2 meat rations


   Skills:
 + Level 1.3(1.2) Fighting
 + Level 0.4(0.3) Maces & Flails
 + Level 2.0 Polearms
 + Level 2.4(2.3) Dodging
 + Level 2.7 Stealth
 + Level 3.3(3.2) Spellcasting
 + Level 2.0(1.9) Conjurations
 + Level 4.4(4.3) Fire Magic


You had 4 spell levels left.
You knew the following spells:

 Your Spells              Type           Power        Failure   Level  Hunger
a - Flame Tongue          Conj/Fire      ##...        4%          1    None
b - Throw Flame           Conj/Fire      ##....       8%          2    ##.....
c - Sticky Flame          Conj/Fire      ##......     45%         4    ####...


Dungeon Overview and Level Annotations

Branches:
Dungeon (4/15)
 Temple: D:4-7

Altars:
Dithmenos
Fedhas
Makhleb
Nemelex Xobeh
Qazlal
Sif Muna
Wu Jian

Annotations:
Ossuary 31503's ghost, amateur HOBe


Innate Abilities, Weirdness & Mutations

Your plain brown scales are hard. (AC +6)
You cannot fit into any form of body armour.
You are cold-blooded and may be slowed by cold attacks.


Message History

Confirm with . or Enter, or press ? or * to list all spells.
Aiming: Sticky Flame
Press: ? - help, Shift-Dir - straight line, f/p - 31503's ghost
Aim: 31503's ghost (moderately damaged)
The sticky flame hits 31503's ghost. 31503's ghost is heavily damaged. 31503's ghost hits you.
* * * LOW HITPOINT WARNING * * *
The rat zombie barely misses you. 31503's ghost mumbles, "They all look like pillowcases to me..."
All of the chunks of flesh in your inventory have rotted away.
Casting: Sticky Flame
Confirm with . or Enter, or press ? or * to list all spells.
Aiming: Flame Tongue
Press: ? - help, Shift-Dir - straight line, f/p - 31503's ghost
Aim: 31503's ghost (moderately damaged)
The flame tongue hits 31503's ghost. 31503's ghost appears unharmed. 31503's ghost is moderately damaged. 31503's ghost hits you!
You die...

#.∩.#
#...#
##'##
#...#
##...##
#.....#
##...##
#...#
##..@##
#...W.#
##.Z.##
#...#
#..Z#
#.....
##...##
#...#
##'##


You could see 31503's ghost, a rat zombie and a goblin zombie.

Vanquished Creatures
  2 ogres (D:3)
  4 mummies
  6 adders
  2 oozes
  An adder zombie (Ossuary)
  A worm (D:3)
  A dart slug (D:1)
  3 leopard geckos
  2 orcs
  4 giant cockroaches
  5 goblins
  4 hobgoblins
  2 jackals (D:1)
  3 quokkas
  2 ball pythons (D:3)
  A bat (D:3)
  2 frilled lizards
  A goblin zombie (Ossuary)
  2 kobolds
  A kobold zombie (Ossuary)
  3 rats (D:1)
  2 rat zombies (Ossuary)
54 creatures vanquished.

Notes
Turn   | Place    | Note
-------+----------+-------------------------------------------
     0 | D:1      | JeffiDaFish the Draconian Fire Elementalist began the quest for the Orb.
     0 | D:1      | Reached XP level 1. HP: 14/14 MP: 3/3
   163 | D:1      | Reached XP level 2. HP: 12/20 MP: 0/5
   512 | D:1      | Learned a level 2 spell: Throw Flame
   969 | D:2      | Reached XP level 3. HP: 26/26 MP: 1/6
  1048 | D:2      | Found a stormy altar of Qazlal.
  1321 | D:2      | Found an ornate altar of the Wu Jian Council.
  1322 | D:2      | Found a burning altar of Makhleb.
  1370 | D:2      | Found a blossoming altar of Fedhas.
  1595 | D:3      | Reached skill level 1 in Polearms
  1596 | D:3      | Reached XP level 4. HP: 34/34 MP: 2/7
  1602 | D:3      | Learned a level 4 spell: Sticky Flame
  1716 | D:3      | Found a shadowy altar of Dithmenos.
  1755 | D:3      | Noticed an ogre
  1766 | D:3      | Killed an ogre
  1766 | D:3      | Reached skill level 1 in Fighting
  1766 | D:3      | Reached skill level 4 in Fire Magic
  1766 | D:3      | Reached XP level 5. HP: 16/40 MP: 1/9
  2023 | D:3      | Found a sparkling altar of Nemelex Xobeh.
  2360 | D:4      | Noticed an ogre
  2461 | D:3      | Killed an ogre
  2545 | D:4      | Reached XP level 6. HP: 34/47 MP: 0/10
  2817 | D:4      | Found a deep blue altar of Sif Muna.
  2820 | D:4      | Became a worshipper of Sif Muna the Loreminder
  2898 | D:4      | Found a sand-covered staircase.
  2908 | Ossuary  | Entered an ossuary
  3049 | Ossuary  | Noticed 31503's ghost (amateur HOBe)
  3063 | Ossuary  | Slain by 31503's ghost

Vault maps used:
D:1:      arrival_zaba_pyramid, minmay_misc_feat_chi, serial_park_tiny_pond
D:2:      fedhas_altar_1, lemuel_crystal_altar, gammafunk_temple_overflow_pools,
          first_bread
D:3:      overflow_temple_1_default, grunt_dithmenos_smoke,
          roderic_three_in_a_row, minivault_19
D:4:      nicolae_overflow_hidden_temple, overflow_temple_1_default,
          kennysheep_mini, nicolae_ossuary_entry_giza, kennysheep_generic_room_3
Ossuary:  ossuary_minmay_chase

Skill      XL: |  1  2  3  4  5  6 |
---------------+-------------------+-----
Dodging        | 2 |  2.4
Stealth        | 2 |  2.7
Polearms       | 1 2 |  2.0
Fighting       | 1 |  1.3
Fire Magic     | 4 |  4.4
Spellcasting   | 3 |  3.3
Conjurations   | 2 |  2.0
Maces & Flails | |  0.4

Action                   |  1- 3 |  4- 6 || total
-------------------------+-------+-------++-------
Melee: Unarmed           |     3 |       ||     3
       Mace              |     4 |       ||     4
       Spear             |    38 |    75 ||   113
       Tailslap          |     3 |     6 ||     9
 Cast: Flame Tongue      |    39 |    34 ||    73
       Throw Flame       |     5 |     3 ||     8
       Sticky Flame      |       |     4 ||     4
  Use: Scroll            |     5 |     3 ||     8
       Potion            |     4 |     1 ||     5
 Stab: Sleeping          |     3 |     4 ||     7
  Eat: Chunk             |     3 |     6 ||     9
Armor: Skin              |    17 |    35 ||    52
Dodge: Dodged            |    41 |    64 ||   105
